 Dungeon Crawl Stone Soup version 0.20-a0-303-g575bbf7 (webtiles) character file.

128958 dondy the Unseen (level 16, -1/109 HPs)
             Began as a Vampire Enchanter on Dec 11, 2016.
             Was the Champion of Hepliaklqana.
             Succumbed to a ghost moth's poison
             ... on level 2 of the Lair of Beasts on Dec 16, 2016.
             The game lasted 03:54:24 (35096 turns).

dondy the Unseen (Vampire Enchanter)               Turns: 35096, Time: 03:54:26

Health: -1/109     AC: 16    Str: 10 (11) XL:     16   Next: 49%
Magic:  1/25       EV: 22    Int: 23      God:    Hepliaklqana [******]
Gold:   2243       SH: 10    Dex: 21      Spells: 9/27 levels left

rFire  . . .     SeeInvis +     b - +2 rapier (venom)
rCold  . . .     Gourm    .     C - +3 troll leather armour {Snorg}
rNeg   + . .     Faith    .     K - +0 shield {reflect}
rPois  .         Spirit   +     Y - +1 hat
rElec  .         Reflect  +     L - +0 cloak
rCorr  .         Harm     .     Q - +2 pair of gloves {Str+3}
MR     +....                    Z - +1 pair of boots
Stlth  ++++++++..               k - amulet "Deolug" {Spirit Dex+4}
                                w - +2 ring of protection
                                h - +2 ring of dexterity

@: lethally poisoned (-1 -> -22)
A: reduced essence, fangs 3, see invisible, unbreathing
a: Bat Form, Recall Ancestor, Ancestor Identity, Transference, Idealise,
Renounce Religion


You were on level 2 of the Lair of Beasts.
You worshipped Hepliaklqana.
Hepliaklqana was exalted by your worship.
You were not thirsty.

You visited 6 branches of the dungeon, and saw 26 of its levels.
You also visited: Sewer and Ossuary.

You collected 2633 gold pieces.
You spent 390 gold pieces at shops.

Inventory:

Hand Weapons
 a - a +3 dagger of draining
 b - a +2 rapier of venom (weapon)
 m - a +2 rapier of venom
Armour
 C - a +3 troll leather armour (worn) {Snorg}
 K - a +0 shield of reflection (worn)
 L - a +0 cloak (worn)
 Q - a +2 pair of gloves of strength (worn)
 V - a +0 buckler
 Y - a +1 hat (worn)
 Z - a +1 pair of boots (worn)
Jewellery
 c - an uncursed ring of resist corrosion
 h - a +2 ring of dexterity (left hand)
 k - the amulet "Deolug" (around neck) {Spirit Dex+4}
   (You found it on level 1 of the Lair of Beasts)

   [amulet of guardian spirit]

   It causes incoming damage to be split between your health and magic.
   It affects your dexterity (+4).
 w - a +2 ring of protection (right hand)
 B - an uncursed ring of ice
 D - an uncursed ring of fire
Wands
 l - a wand of lightning (0/15)
 p - a wand of teleportation (7/9)
 y - a wand of hasting (3/9)
 z - a wand of flame (20/48)
 A - a wand of digging (11/24)
 F - a wand of digging (12/24)
 W - a wand of heal wounds (8/9)
Scrolls
 e - a scroll of enchant weapon
 n - a scroll of recharging
 q - 3 scrolls of immolation {unknown}
 t - 2 scrolls of remove curse
 v - 4 scrolls of blinking
 x - 4 scrolls of fear
 E - 4 scrolls of magic mapping
 H - a scroll of amnesia
 I - 2 scrolls of identify
 J - 2 scrolls of teleportation
 O - a scroll of torment {unknown}
 X - a scroll of holy word {unknown}
Potions
 d - 15 potions of blood
 f - 2 potions of cancellation
 g - 2 potions of haste
 i - 2 potions of resistance
 j - 2 potions of agility
 o - 6 potions of might
 s - a potion of magic {unknown}
 u - 2 potions of degeneration {unknown}
 G - a potion of cure mutation {unknown}
 M - 3 potions of brilliance
Miscellaneous
 N - a fan of gales
 P - a phial of floods


   Skills:
 - Level 10.0 Fighting
 - Level 14.0 Short Blades
 - Level 2.0 Armour
 + Level 14.4 Dodging
 - Level 20.0 Stealth
 * Level 5.7 Shields
 - Level 6.0 Spellcasting
 - Level 12.0 Hexes
 - Level 6.0 Charms
 - Level 6.0 Ice Magic
 - Level 4.0 Invocations
 - Level 4.0 Evocations


You had 9 spell levels left.
You knew the following spells:

 Your Spells              Type           Power        Failure   Level  Hunger
a - Corona                Hex            ######.      1%          1    None
b - Ensorcelled Hibernat  Hex/Ice        #####.       1%          2    None
c - Confuse               Hex            ######..     1%          3    #......
d - Dazzling Spray        Conj/Hex       ####..       12%         3    #......
e - Tukima's Dance        Hex            ######..     1%          3    #......
f - Spectral Weapon       Hex/Chrm       #####...     2%          3    #......
g - Ozocubu's Armour      Chrm/Ice       ####....     12%         3    #......


Dungeon Overview and Level Annotations

Branches:
Dungeon (15/15)            Temple (1/1) D:4            Lair (6/6) D:10
 Shoals (1/4) Lair:4       Spider (1/4) Lair:2        Slime (0/5) Lair:6
    Orc (2/2) D:12            Elf (0/3) Orc:2        Vaults (0/5) D:13
 Depths (0/5) D:15

Altars:
Ashenzari
Cheibriados
Dithmenos
Elyvilon
Fedhas
Gozag
Hepliaklqana
Kikubaaqudgha
Makhleb
Nemelex Xobeh
Okawaru
Qazlal
Ru
Sif Muna
Trog
Uskayaw
Vehumet
Xom
Yredelemnul
Zin
The Shining One

Shops:
Orc:1 !   Orc:2 %}![

Portals:
Pandemonium: Orc:2

Annotations:
D:3 Robin
Lair:5 exclusion: oklob plant
Lair:6 exclusion: oklob plant


Innate Abilities, Weirdness & Mutations

You have razor-sharp teeth.
You have supernaturally acute eyesight. (SInv)
You can survive without breathing.
Your life essence is reduced. (-10% HP)


Message History

You hit the ghost moth but do no damage.
You bite the ghost moth.
The ghost moth is lightly wounded.
The ghost moth completely misses you. You block the ghost moth's attack. x2
You closely miss the ghost moth.
The ghost moth is lightly wounded.
The ghost moth stares at you. The ghost moth misses you.
You block the ghost moth's attack. The ghost moth stings you.
* * * LOW HITPOINT WARNING * * *
You are lethally poisoned!
The ghost moth poisons you!
Okay, then.
* * * LOW HITPOINT WARNING * * *
You feel very sick. You block the ghost moth's attack. The ghost moth hits you!
* * * LOW HITPOINT WARNING * * *
The ghost moth closely misses you.
You climb upwards.
Welcome back to the Lair of Beasts!
You die...

........# #R#### ## .......## ###
# .......### # .........#
######### ........## ##......##
........# ###.........
........######### ##...........
.............##.#####............
...............y@................
...................#...........^.
......#.#.#.......###............
....#####.........###............
>....# #..).....#.##.............
###..###........####.#......)....
# #...#.........## ##............
##.P.######...P# ##...........
#....#%%.%#..P## #P...........


You could see a ghost moth (invisible).

Vanquished Creatures
  Agnes (D:15)
  Donald (Shoals:1)
  The ghost of Havercy the Impaler, a journeyman DsGl of Yredelemnul (Shoals:1)
  Nessos (Lair:5)
  Snorg (Orc:1)
  Josephine (Lair:5)
  A yaktaur captain (D:15)
  5 vault guards (D:13)
  A merfolk avatar (Shoals:1)
  7 hydras
  4 centaur warriors
  An alligator snapping turtle (Shoals:1)
  5 two-headed ogres
  2 merfolk aquamancers
  The ghost of snakesoul the Archer, a novice CeHu of Okawaru (D:8)
  5 tengu warriors
  5 orc high priests (Orc:2)
  A sixfirhy (Orc:2)
  3 skeletal warriors
  A sea snake (Shoals:1)
  2 gelid demonspawn (Orc:2)
  A wizard (D:13)
  A torturous demonspawn (Orc:2)
  2 unseen horrors
  A harpy (shapeshifter) (D:15)
  4 orc knights
  A necromancer (Lair:6)
  A deep elf archer (D:13)
  4 harpies (Shoals:1)
  A lindwurm (Lair:3)
  A wolf spider (D:15)
  7 ugly things
  2 deep elf magi
  4 manticores (Shoals:1)
  5 orc sorcerers
  A wolf spider (shapeshifter) (D:14)
  4 fauns (Shoals:1)
  2 cyclopes
  A moth of wrath (Spider:1)
  3 elephants (Lair:6)
  A rust devil (Orc:2)
  A merfolk siren (Shoals:1)
  2 black mambas
  A gargoyle (D:15)
  Psyche (D:12)
  14 spiny frogs
  The ghost of Xiguana the Magician, a novice DgWz (Ossuary)
  5 komodo dragons
  2 yaktaurs
  A yaktaur (shapeshifter) (D:15)
  2 rime drakes
  A hellwing (Orc:2)
  A queen bee (Lair:2)
  A meliai (shapeshifter) (D:13)
  A tengu conjurer (D:13)
  5 merfolk (Shoals:1)
  5 polar bears (Lair:6)
  3 trolls
  2 wind drakes (Shoals:1)
  12 slime creatures
  3 meliai (D:14)
  6 hornets
  Prince Ribbit (D:8)
  7 blink frogs
  3 dream sheep
  9 hippogriffs
  2 shadows
  3 tarantellas (Spider:1)
  12 spriggans (Lair:6)
  4 wraiths (Lair:5)
  A redback (Spider:1)
  4 water elementals (Shoals:1)
  2 wyverns
  A vampire (D:12)
  40 yaks
  3 basilisks
  A hungry ghost (D:8)
  3 vampire mosquitoes (D:13)
  A chaos spawn (Orc:2)
  Menkaure (Ossuary)
  4 wargs (Orc:1)
  An acid dragon (D:12)
  7 porcupines
  9 water moccasins
  27 orc warriors
  4 black bears
  3 ice beasts
  4 sky beasts
  2 phantoms
  A necrophage (D:12)
  An eye of draining (D:13)
  3 boggarts (Lair:6)
  5 ogres
  29 wolves
  17 centaurs
  15 crocodiles
  8 big kobolds
  16 bullfrogs
  A wyvern zombie (D:13)
  A gnoll sergeant (D:7)
  2 scorpions
  A hexer (Lair:6)
  3 wights (D:11)
  A wyvern skeleton (D:15)
  29 killer bees
  An electric eel (Lair:2)
  6 crimson imps
  4 centaur zombies
  2 bullfrog zombies
  4 jellies
  3 centaur skeletons
  6 hounds
  22 orc priests
  A bullfrog skeleton (D:12)
  23 orc wizards
  Jessica (D:3)
  2 iguanas
  Ijyb (D:3)
  2 hell rats (Lair:3)
  14 worker ants
  4 polar bear simulacra (Lair:6)
  3 yak simulacra (Lair:6)
  3 wolf simulacra (Lair:6)
  2 killer bee zombies
  A big kobold zombie (Ossuary)
  2 ogre zombies (Ossuary)
  A hound zombie (D:9)
  6 mummies (Ossuary)
  A howler monkey skeleton (D:9)
  3 worker ant zombies
  3 gnolls (D:7)
  11 adders
  6 river rats (Lair:3)
  A shadow imp (D:10)
  An ooze (D:1)
  5 adder zombies
  5 worms
  2 dart slugs
  8 leopard geckos
  76 orcs
  2 giant cockroaches
  A gnoll zombie (Ossuary)
  13 goblins
  23 hobgoblins
  6 jackals (Sewer)
  10 quokkas
  3 ball pythons
  7 bats
  7 frilled lizards
  4 goblin zombies (Ossuary)
  3 hobgoblin zombies (Ossuary)
  31 kobolds
  5 kobold zombies (Ossuary)
  A leopard gecko skeleton (D:6)
  A quokka skeleton (D:5)
  5 quokka zombies
  7 rats
  3 rat zombies (Ossuary)
  A river rat simulacrum (Lair:6)
  2 fungi
  3 plants (Sewer)
  A spectral weapon (D:10)
834 creatures vanquished.

Vanquished Creatures (collateral kills)
  A hydra (Lair:5)
  A centaur warrior (D:13)
  2 orc high priests (Orc:2)
  A spriggan (Lair:6)
  A skeletal warrior (D:15)
  A gelid demonspawn (Orc:2)
  3 orc knights
  2 ugly things
  2 elephants (Lair:6)
  A water nymph (Shoals:1)
  A komodo dragon (Lair:1)
  A tengu conjurer (D:13)
  A hornet (Lair:6)
  A blink frog (Lair:2)
  A wyvern (D:13)
  5 yaks
  A warg (D:15)
  A hornet zombie (D:10)
  11 orc warriors
  2 centaurs (D:15)
  A wolf (Lair:6)
  A boggart (Lair:6)
  A hexer (Orc:2)
  2 big kobolds
  A bullfrog (D:6)
  A scorpion (D:7)
  3 killer bees
  3 crimson imps
  A jelly (Lair:6)
  9 orc priests
  An orc wizard (D:10)
  A worker ant (D:4)
  A howler monkey zombie (D:9)
  2 gnolls (D:7)
  An adder (D:4)
  3 river rats (Lair:3)
  19 orcs
  2 jackals (Sewer)
  A ball python (Sewer)
  2 frilled lizards (Sewer)
  3 kobolds
  A fungus (Lair:4)
  3 plants (Sewer)
103 creatures vanquished.

Vanquished Creatures (others)
  An ugly thing (D:15)
  3 dancing weapons
  17 hexers
  An orc priest (D:14)
  22 fungi
  4 plants
  12 spectral weapons
60 creatures vanquished.

Grand Total: 997 creatures vanquished

Notes
Turn   | Place    | Note
-------+----------+-------------------------------------------
     0 | D:1      | dondy the Vampire Enchanter began the quest for the Orb.
     0 | D:1      | Reached XP level 1. HP: 13/13 MP: 3/3
    88 | D:1      | Reached skill level 5 in Hexes
   252 | D:1      | Reached XP level 2. HP: 19/19 MP: 5/5
   338 | D:1      | Learned a level 2 spell: Ensorcelled Hibernation
  1408 | D:1      | Reached XP level 3. HP: 24/24 MP: 3/6
  1413 | D:1      | Learned a level 3 spell: Confuse
  2339 | D:2      | Reached XP level 4. HP: 27/30 MP: 0/7
  3817 | D:2      | Reached XP level 5. HP: 35/35 MP: 2/8
  4131 | D:3      | Noticed Ijyb
  4230 | D:3      | Killed Ijyb
  4448 | D:3      | Noticed Jessica
  4495 | D:3      | Killed Jessica
  4594 | D:3      | Noticed Robin
  4867 | D:3      | You fall through a shaft for 2 floors!
  4867 | D:5      | Entered Level 5 of the Dungeon
  4869 | D:5      | Reached XP level 6. HP: 41/41 MP: 9/9
  4874 | D:5      | Learned a level 3 spell: Dazzling Spray
  5095 | D:5      | Found a white marble altar of Elyvilon.
  5307 | D:5      | Found a glowing silver altar of Zin.
  5307 | D:5      | Found an opulent altar of Gozag.
  5403 | D:5      | Found a sand-covered staircase.
  5412 | Ossuary  | Entered an ossuary
  6013 | Ossuary  | Reached skill level 10 in Hexes
  6193 | Ossuary  | Reached XP level 7. HP: 46/46 MP: 10/10
  6441 | Ossuary  | Noticed Xiguana's ghost (novice DgWz)
  6465 | Ossuary  | Killed Xiguana's ghost
  6465 | Ossuary  | Reached skill level 5 in Short Blades
  6480 | Ossuary  | Noticed Menkaure
  6839 | Ossuary  | Killed Menkaure
  6839 | Ossuary  | Reached XP level 8. HP: 52/52 MP: 7/11
  7399 | D:4      | Found a bloodstained altar of Trog.
  7667 | D:4      | Found a staircase to the Ecumenical Temple.
  7676 | Temple   | Entered the Ecumenical Temple
  7864 | Temple   | Upgraded the game from 0.20-a0-277-g7db01f4 to 0.20-a0-299-gec7c366
  7883 | Temple   | Became a worshipper of Hepliaklqana the Forgotten
  8728 | D:6      | Reached skill level 5 in Stealth
  8795 | D:6      | Found a glowing drain.
  8803 | Sewer    | Entered a sewer
  9072 | Sewer    | Reached * piety under Hepliaklqana
  9817 | D:6      | Found a burning altar of Makhleb.
 10241 | D:6      | Reached skill level 6 in Stealth
 10300 | D:6      | Reached XP level 9. HP: 19/51 MP: 2/12
 10305 | D:6      | Learned a level 3 spell: Tukima's Dance
 10597 | D:6      | Reached ** piety under Hepliaklqana
 10598 | D:6      | Remembered your ancestor Wystan as a hexer
 10909 | D:6      | Reached skill level 7 in Stealth
 11311 | D:7      | Reached skill level 1 in Shields
 11847 | D:7      | Found an ancient bone altar of Kikubaaqudgha.
 11849 | D:7      | Found a blossoming altar of Fedhas.
 12088 | D:7      | Reached skill level 8 in Stealth
 12322 | D:7      | Reached skill level 5 in Dodging
 12574 | D:8      | Noticed Prince Ribbit
 12600 | D:8      | Noticed a two-headed ogre
 12612 | D:8      | Killed a two-headed ogre
 12612 | D:8      | Reached skill level 10 in Short Blades
 12612 | D:8      | Reached XP level 10. HP: 56/56 MP: 9/13
 12631 | D:8      | Killed Prince Ribbit
 12631 | D:8      | Reached skill level 1 in Ice Magic
 12713 | D:8      | Noticed snakesoul's ghost (novice CeHu)
 12729 | D:8      | Killed snakesoul's ghost
 12729 | D:8      | Reached skill level 1 in Fighting
 12729 | D:8      | Reached skill level 9 in Stealth
 13096 | D:8      | Found a hide-covered altar of Uskayaw.
 13601 | D:9      | Noticed a two-headed ogre
 13608 | D:9      | Killed a two-headed ogre
 13689 | D:9      | Reached *** piety under Hepliaklqana
 13856 | D:9      | Found a stormy altar of Qazlal.
 13856 | D:9      | Found an iron altar of Okawaru.
 13857 | D:9      | Found a glowing golden altar of the Shining One.
 13954 | D:9      | Reached skill level 10 in Stealth
 14167 | D:10     | Entered Level 10 of the Dungeon
 14241 | D:10     | Reached XP level 11. HP: 66/66 MP: 13/20
 14242 | D:10     | Reached XP level 12. HP: 72/72 MP: 13/21
 14247 | D:10     | Learned a level 3 spell: Spectral Weapon
 14251 | D:10     | Learned a level 3 spell: Ozocubu's Armour
 14258 | D:10     | Got a shimmering chain mail
 14550 | D:10     | Reached skill level 1 in Charms
 15035 | D:10     | Reached **** piety under Hepliaklqana
 15036 | D:10     | Noticed a four-headed hydra
 15043 | D:10     | Killed a four-headed hydra
 15262 | D:10     | Reached skill level 1 in Evocations
 15329 | D:10     | Noticed a two-headed hydra
 15345 | D:10     | Killed a two-headed hydra
 15345 | D:10     | Reached skill level 5 in Ice Magic
 15453 | D:10     | Found a staircase to the Lair.
 15473 | D:10     | Reached skill level 5 in Shields
 15473 | D:10     | Reached XP level 13. HP: 77/77 MP: 18/22
 15500 | Lair:1   | Entered Level 1 of the Lair of Beasts
 15726 | Lair:1   | Reached ***** piety under Hepliaklqana
 16156 | Lair:1   | Got a twitching garnet amulet
 16157 | Lair:1   | Identified the amulet "Deolug" {Spirit Dex+4} (You found it on level 1 of the Lair of Beasts)
 16534 | Lair:2   | Found a hole to the Spider Nest.
 16565 | Lair:2   | Reached skill level 11 in Stealth
 16580 | Lair:2   | Reached skill level 1 in Armour
 17433 | Lair:2   | Reached skill level 12 in Stealth
 17805 | Lair:3   | Reached skill level 1 in Invocations
 18693 | Lair:3   | Reached skill level 13 in Stealth
 19507 | Lair:4   | Found a staircase to the Shoals.
 19988 | Lair:4   | Reached skill level 14 in Stealth
 20650 | Lair:5   | Noticed Josephine
 20688 | Lair:5   | Reached ****** piety under Hepliaklqana
 20689 | Lair:5   | Noticed Nessos
 20698 | Lair:5   | Killed Nessos
 20919 | Lair:5   | Killed Josephine
 20938 | Lair:5   | Reached XP level 14. HP: 82/85 MP: 8/23
 21559 | Lair:5   | Found a blossoming altar of Fedhas.
 21740 | Lair:5   | Reached skill level 15 in Stealth
 21781 | Lair:6   | Entered Level 6 of the Lair of Beasts
 22360 | Lair:6   | Found a radiant altar of Vehumet.
 22548 | Lair:6   | Found a staircase to the Slime Pits.
 23232 | D:11     | Reached skill level 16 in Stealth
 23638 | D:12     | Found a staircase to the Orcish Mines.
 24018 | D:12     | Noticed Psyche
 24050 | D:12     | Killed Psyche
 25237 | D:13     | Found a gate to the Vaults.
 25244 | D:13     | Reached skill level 5 in Charms
 25744 | Lair:6   | Reached skill level 17 in Stealth
 25845 | Lair:6   | Reached XP level 15. HP: 90/90 MP: 14/24
 26280 | Lair:6   | Reached skill level 5 in Fighting
 26755 | Orc:1    | Entered Level 1 of the Orcish Mines
 27174 | Orc:2    | Entered Level 2 of the Orcish Mines
 27174 | Orc:2    | Found a staircase to the Elven Halls.
 27921 | Orc:2    | Found Utetzuc's Distillery.
 27936 | Orc:2    | Found Voduw's Food Shop.
 28091 | Orc:2    | Bought a potion of resistance for 150 gold pieces
 28091 | Orc:2    | Bought 2 potions of cancellation for 240 gold pieces
 28872 | Orc:2    | Found Ginled's Antique Armour Emporium.
 28872 | Orc:2    | Found Pathraano's Gadget Shoppe.
 28872 | Orc:2    | Found a one-way gate leading to the halls of Pandemonium.
 29638 | Orc:2    | Reached skill level 18 in Stealth
 30022 | Orc:1    | Noticed Snorg
 30023 | Orc:1    | Killed Snorg
 30136 | Orc:1    | Found Qaedut's Distillery.
 30344 | Lair:1   | Upgraded the game from 0.20-a0-299-gec7c366 to 0.20-a0-303-g575bbf7
 31722 | D:15     | Entered Level 15 of the Dungeon
 31878 | D:15     | Noticed Agnes
 32460 | D:15     | Reached XP level 16. HP: 108/108 MP: 20/25
 32657 | D:15     | HP: 4/108 [red ugly thing (21)]
 32874 | D:15     | Reached skill level 19 in Stealth
 33127 | D:15     | Killed Agnes
 33253 | D:15     | Found a staircase to the Depths.
 33640 | Shoals:1 | Entered Level 1 of the Shoals
 33687 | Shoals:1 | Noticed Havercy's ghost (journeyman DsGl)
 33982 | Shoals:1 | Killed Havercy's ghost
 34276 | Shoals:1 | Found Qomau's Jewellery Shop.
 34448 | Shoals:1 | Noticed Donald
 34493 | Shoals:1 | Killed Donald
 34585 | Shoals:1 | Reached skill level 10 in Fighting
 34620 | Shoals:1 | Noticed a kraken
 34657 | Shoals:1 | Reached skill level 20 in Stealth
 34911 | Spider:1 | Entered Level 1 of the Spider Nest
 35095 | Spider:1 | HP: 2/109 [ghost moth (11)]
 35096 | Lair:2   | Succumbed to a ghost moth's poison

Vault maps used:
D:1:      dpeg_arrival_snail
D:2:      minmay_three_crescents
D:3:      lemuel_statue_altar, uniq_iyjb, uniq_robin, uniq_jessica
D:4:      lemuel_crystal_altar, minivault_11
D:5:      grunt_temple_overflow_gold_and_silver, elyvilon_altar_1,
          nicolae_ossuary_entry_monument, first_bread
D:6:      makhleb_altar_promises_db, lightli_sewer_entry_pipes,
          hangedman_abyss_or_decor_lesser_grid
D:7:      grunt_temple_overflow_growth_and_decay, minmay_unpleasant_kobolds
D:8:      eat_drink_and_be_merry_uskayaw, uniq_prince_ribbit1
D:9:      gammafunk_temple_overflow_claw
D:10:     david_lair_shrubbed, hangedman_ranch, due_unseen_surprise
D:12:     orc_0_dummy, uniq_psyche
D:13:     grunt_vaults_entry_fortified
D:14:     serial_bayou_shore_b, minmay_misc_feat_roman,
          minmay_gold_behind_fungi, grunt_decor_mini_mirrors
D:15:     grunt_enter_depths_snipers, minmay_misc_feat_doors, uniq_agnes
Temple:   dpeg_chambers_temple
Lair:1:   beast_lair_carwin_5, grunt_megastairs_1
Lair:2:   dummy_spider_entry, special_room, fungi_pond_lemuel
Lair:3:   kennysheep_rathole
Lair:4:   shoals_dummy_entry
Lair:5:   tgw_fedhas, infiniplex_staircase_pool, uniq_nessos, uniq_josephine
Lair:6:   minmay_lair_end_enchanted_forest, minmay_slime_entry_pillars,
          basic_altar, st_stairs_7, minmay_lair_oklob_bushes, minivault_24,
          eino_house_with_fridge
Shoals:1: serial_shops, shop, uniq_donald
Spider:1: nicolae_spider_webbed_stairs
Orc:1:    serial_shops, nicolae_shop_trees, uniq_snorg
Orc:2:    pf_orc_diabolical
Sewer:    sewer_co_scattered_pipes
Ossuary:  ossuary_boxes_badplayer

Skill      XL: |  1  2  3  4  5  6  7  8  9 10 11 12 13 14 15 16 |
---------------+-------------------------------------------------+-----
Hexes          | 5 6 7 8 10 11 12 | 12.0
Short Blades   | 2 3 4 6 8 10 13 14 | 14.0
Stealth        | 6 8 10 14 17 18 20 | 20.0
Dodging        | 3 5 9 12 14 | 14.4
Shields        | 4 5 |  5.7
Ice Magic      | 4 5 6 |  6.0
Fighting       | 2 3 4 9 10 | 10.0
Spellcasting   | 6 |  6.0
Charms         | 1 5 6 |  6.0
Evocations     | 2 4 |  4.0
Armour         | 2 |  2.0
Invocations    | 3 4 |  4.0

Action                   |  1- 3 |  4- 6 |  7- 9 | 10-12 | 13-15 | 16-18 || total
-------------------------+-------+-------+-------+-------+-------+-------++-------
Melee: Dagger            |    91 |   209 |   619 |   191 |   347 |       ||  1457
       Bite              |     3 |    13 |    73 |    21 |   210 |    66 ||   386
       Rapier            |       |       |       |       |  1314 |   391 ||  1705
 Fire: Blowgun           |       |       |     3 |       |       |       ||     3
 Cast: Corona            |     8 |     3 |     4 |       |       |       ||    15
       Ensorcelled Hiber |    29 |    52 |    53 |    19 |   101 |     3 ||   257
       Confuse           |     1 |     7 |    35 |    17 |   120 |     3 ||   183
       Tukima's Dance    |       |       |       |     3 |    43 |       ||    46
       Spectral Weapon   |       |       |       |     1 |    53 |    11 ||    65
       Ozocubu's Armour  |       |       |       |       |    48 |     8 ||    56
       Dazzling Spray    |       |       |       |       |     7 |       ||     7
Invok: Ancestor Life: He |       |       |     1 |       |       |       ||     1
       Ancestor Identity |       |       |       |       |     1 |       ||     1
       Idealise          |       |       |       |       |     4 |     2 ||     6
Evoke: Wand              |       |     1 |     1 |       |       |     1 ||     3
       Phial of floods   |       |       |       |       |     1 |       ||     1
  Use: Potion            |     2 |     6 |    12 |    10 |    78 |    19 ||   127
       Scroll            |       |       |       |    11 |    20 |       ||    31
 Stab: Sleeping          |    27 |    54 |    56 |    25 |   147 |    13 ||   322
       Confused          |       |     6 |    29 |    16 |    71 |     1 ||   123
       Distracted        |       |     1 |     1 |     3 |    30 |    10 ||    45
       Paralysed         |       |       |       |       |    10 |     1 ||    11
       Invisible         |       |       |       |       |     2 |       ||     2
Armor: Robe              |    14 |    24 |    43 |     3 |       |       ||    84
       Leather armour    |       |       |       |    11 |    59 |       ||    70
       Troll leather arm |       |       |       |       |   151 |   108 ||   259
Dodge: Dodged            |    56 |   107 |   145 |    73 |  1034 |   340 ||  1755
Block: Buckler           |       |       |    11 |    17 |   341 |    95 ||   464
       Shield            |       |       |       |       |       |    33 ||    33
